 Dungeon Crawl Stone Soup version 0.31-a0-145-g046c7d2549 (webtiles) character file.

Game seed: 17301960094671649557

303 qw the Shooter (level 6, 0/56 HPs)
             Began as a Minotaur Hunter on June 7, 2023.
             Slain by a gnoll
             ... wielding a +0 spear
             ... led by a gnoll bouda
              (1 damage)
             ... on level 4 of the Dungeon.
             The game lasted 00:00:46 (2035 turns).

qw the Shooter (Minotaur Hunter)                    Turns: 2035, Time: 00:00:47

Health: 0/56       AC:  6    Str: 21    XL:     6   Next: 15%
Magic:  5/5        EV: 11    Int:  6    God:
Gold:   145        SH:  0    Dex: 16    Spells: 5/5 levels left

rFire   . . .        Y - +0 shortbow (elec)
rCold   . . .        (shield currently unavailable)
rNeg    . . .        i - +0 ring mail
rPois   .            (helmet restricted)
rElec   .            (no cloak)
rCorr   .            (no gloves)
SInv    .            g - +0 pair of boots
Will    .....        (no amulet)
Stlth   +            h - +6 ring of strength
HPRegen 0.29/turn    (no ring)
MPRegen 0.09/turn

%: no passive effects
@: no status effects
A: horns 2, retaliatory headbutt
a: no special abilities


You were on level 4 of the Dungeon.
You visited 1 branch of the dungeon, and saw 4 of its levels.

You collected 145 gold pieces.


Innate Abilities, Weirdness & Mutations

You have a pair of horns on your head.
You reflexively headbutt those who attack you in melee.


   Skills:
 - Level 5.1 Fighting
 + Level 6.8 Ranged Weapons
 - Level 1.2 Armour
 - Level 2.1 Dodging
 - Level 0.7 Stealth


You had 5 spell levels left.
You didn't know any spells.
Your spell library was empty.

Inventory:

Hand Weapons
 Y - a +0 shortbow of electrocution (weapon)
Armour
 g - a +0 pair of boots (worn)
 i - a +0 ring mail (worn)
 m - a +2 pair of boots
Jewellery
 h - a +6 ring of strength (left hand)
Scrolls
 d - a scroll of immolation {unknown}
 l - a scroll of fog {unknown}
Potions
 a - 3 potions of curing
 b - a potion of magic {unknown}
 c - a potion of berserk rage {unknown}
 e - a potion of haste {unknown}
 f - a potion of heal wounds {unknown}
 j - a potion of cancellation {unknown}
 k - a potion of brilliance {unknown}

Dungeon Overview and Level Annotations

Branches:
Dungeon (4/15)
 Temple: D:4-7

Altars:


Message History

The arrow barely misses the gnoll bouda.
The gnoll bouda barely misses you. You furiously retaliate!
You headbutt the gnoll bouda, but do no damage.
The gnoll closely misses you.
You shoot an arrow.
The arrow closely misses the gnoll bouda.
The gnoll bouda hits you with a +0 club.
The gnoll hits you from afar with a +0 spear.
You shoot an arrow. The arrow hits the gnoll bouda.
Lightning courses through the gnoll bouda!!
You kill the gnoll bouda!
The gnoll hits you from afar with a +0 spear.
You have reached level 6!
2028 ||| Stepping ~*~*~tactically~*~*~ (outnumbered).
You shoot an arrow. The arrow barely misses the gnoll.
The gnoll completely misses you.
You shoot an arrow.
The arrow hits the gnoll but does no damage.
The gnoll is no longer moving quickly.
The gnoll closely misses you. x2
You shoot an arrow. The arrow completely misses the gnoll.
Your attacks no longer feel as feeble.
The gnoll hits you from afar with a +0 spear.
The gnoll hits you but does no damage.
The gnoll hits you from afar with a +0 spear.
You shoot an arrow. The arrow hits the gnoll.
Lightning courses through the gnoll!!
You kill the gnoll!
The gnoll hits you but does no damage.
You shoot an arrow.
The arrow hits the gnoll but does no damage.
The gnoll is no longer moving quickly.
The gnoll hits you but does no damage. The gnoll hits you with a +0 whip.
You shoot an arrow. The arrow hits the gnoll.
The gnoll is moderately wounded.
The gnoll barely misses you. The gnoll closely misses you.
The gnoll hits you with a +0 whip.
You shoot an arrow. The arrow hits the gnoll.
The gnoll is moderately wounded.
The gnoll hits you from afar with a +0 spear.
You die...

...### #.......#
.....####.......#
...#...##.......#
...###..........#
. ...#
####.####### ..
...# #.########
... ...#
#........# ...
#### ########.##
gg #@g#.# ##g).#
##g..# ##....#
....# ..$# ..#
###


You could see 3 gnolls.

Vanquished Creatures
  An ogre (D:3)
  A gnoll bouda (D:4)
  An iguana (D:2)
  An orc wizard (D:3)
  A gnoll (D:4)
  8 adders
  A worm (D:2)
  A dart slug (D:3)
  4 orcs (D:4)
  5 ball pythons
  5 bats
  7 endoplasms
  A hobgoblin (D:1)
  3 quokkas
  A frilled lizard (D:1)
  2 goblins
  7 kobolds
  3 rats
53 creatures vanquished.

Notes
Turn   | Place    | Note
-------+----------+-------------------------------------------
     0 | D:1      | qw the Minotaur Hunter began the quest for the Orb.
     0 | D:1      | Reached XP level 1. HP: 18/18 MP: 0/0
     0 | D:1      | 0 ||| qw: Version: 0.2-a-117-gc6b5c8b
     0 | D:1      | 0 ||| qw: Game counter: 2507
     0 | D:1      | 0 ||| qw: Always use a shield: true
     0 | D:1      | 0 ||| qw: God list: Okawaru
     0 | D:1      | 0 ||| qw: Allow faded altars: false
     0 | D:1      | 0 ||| qw: Do Orc after D:15 true
     0 | D:1      | 0 ||| qw: Do second Lair branch before Depths: true
     0 | D:1      | 0 ||| qw: Lair rune preference: random
     0 | D:1      | 0 ||| qw: Plans: Normal
     0 | D:1      | 0 ||| PLANNING D:1-11
    59 | D:1      | 59 ||| FLEEEEING.
   530 | D:1      | Reached XP level 2. HP: 25/25 MP: 1/1
   630 | D:1      | Reached skill level 5 in Ranged Weapons
   785 | D:1      | 785 ||| UPGRADING to +0 ring mail.
   795 | D:1      | 795 ||| DROPPING +0 leather armour.
   796 | D:1      | 796 ||| UPGRADING to +6 ring of strength.
   797 | D:1      | 797 ||| READING scroll labelled BETUTA DYMIH.
   798 | D:1      | 798 ||| READING scroll labelled MAHOTW ICEIKH.
   799 | D:1      | 799 ||| READING scroll labelled AWIM SEINOAQICIEP.
   800 | D:1      | 800 ||| READING scroll labelled VAXUBEAMIO.
   801 | D:1      | 801 ||| DROPPING scroll of butterflies.
   866 | D:2      | Reached skill level 3 in Fighting
   951 | D:2      | Reached skill level 1 in Armour
   951 | D:2      | Reached XP level 3. HP: 29/31 MP: 2/2
   995 | D:2      | Reached XP level 4. HP: 38/38 MP: 3/3
  1312 | D:2      | Reached skill level 6 in Ranged Weapons
  1398 | D:2      | 1398 ||| UPGRADING to +0 pair of boots.
  1403 | D:2      | 1403 ||| READING scroll labelled BEMUWE MULIM.
  1404 | D:2      | 1404 ||| DRINKING 4 fuming purple potions.
  1494 | D:3      | Noticed an ogre
  1497 | D:3      | Killed an ogre
  1498 | D:3      | Reached XP level 5. HP: 48/48 MP: 4/4
  1798 | D:3      | 1798 ||| READING scroll labelled IDATHR SEPNINT.
  1836 | D:4      | 1836 ||| STAIRDANCE
  1838 | D:4      | 1838 ||| STAIRDANCE
  1840 | D:4      | 1840 ||| DRINKING 3 potions of curing.
  1840 | D:4      | 1840 ||| (to cure confusion)
  1841 | D:4      | 1841 ||| STAIRDANCE
  2017 | D:4      | 2017 ||| Stepping ~*~*~tactically~*~*~ (outnumbered).
  2024 | D:4      | HP: 11/48 [gnoll bouda/+0 club (3)]
  2028 | D:4      | Reached XP level 6. HP: 9/56 MP: 5/5
  2028 | D:4      | 2028 ||| Stepping ~*~*~tactically~*~*~ (outnumbered).
  2031 | D:4      | HP: 7/56 [gnoll/+0 spear[a gnoll bouda] (3)]
  2031 | D:4      | HP: 3/56 [gnoll/+0 spear[a gnoll bouda] (4)]
  2034 | D:4      | HP: 1/56 [gnoll/+0 whip[a gnoll bouda] (1)]
  2035 | D:4      | Slain by a gnoll

Levels and vault maps discovered:
D:1:      heliophobic_arrival_henge, layout_loops_corners
D:2:      layout_loops_cross, serial_park_tiny_pond, due_unseen_surprise
D:3:      layout_rooms, saegor_snake_ambush
D:4:      layout_basic, serial_shops, shop

Skill      XL: |  1  2  3  4 |
---------------+-------------+-----
Ranged Weapons | 5 6 |  6.8
Fighting       | 3 5 |  5.1
Armour         | 1 |  1.2
Dodging        | |  2.1
Stealth        | |  0.7

Action                     |  1- 3 |  4- 6 || total
---------------------------+-------+-------++-------
   Fire: Shortbow          |    70 |    71 ||   141
    Use: Scroll            |     4 |     2 ||     6
         Potion            |       |     2 ||     2
 Armour: Ring mail         |     5 |    15 ||    20
         Leather armour    |     1 |       ||     1
  Dodge: Dodged            |    12 |    29 ||    41

Table legend:
 A = Non-vault XP
 B = Vault XP
 C = Vault XP percentage of total XP
 D = Non-vault monster count
 E = Vault monster count
 F = Vault count percentage of total count
                 A         B        C        D         E       F
            +---------+---------+-------+---------+---------+-------
      Total |     417 |      16 |   3.7 |      50 |       3 |   5.7
            +---------+---------+-------+---------+---------+-------
        D:1 |      18 |       0 |   0.0 |      12 |       0 |   0.0
        D:2 |     125 |       0 |   0.0 |      17 |       0 |   0.0
        D:3 |     188 |      16 |   7.8 |      12 |       3 |  20.0
        D:4 |      86 |       0 |   0.0 |       9 |       0 |   0.0
            +---------+---------+-------+---------+---------+-------
